 Dungeon Crawl Stone Soup version 0.31-a0-331-geda263fcf1 (webtiles) character file.

Game seed: 5209268719998700128

100 night the Changeling (level 4, -1/38 HPs)
             Began as a Gnoll Shapeshifter on July 19, 2023.
             Slain by a worm (11 damage)
             ... on level 3 of the Dungeon.
             The game lasted 00:02:36 (1636 turns).

night the Changeling (Gnoll Shapeshifter)           Turns: 1636, Time: 00:02:36

Health: -1/38      AC:  2    Str: 17    XL:     4   Next: 73%
Magic:  5/5        EV: 13    Int:  7    God:
Gold:   82         SH:  0    Dex: 12    Spells: 5/5 levels left

rFire   . .          .
                       - Unarmed
rCold   . . .        (no shield)
rNeg    . . .        a - +0 animal skin
rPois   .            (helmet currently unavailable)
rElec   .            (cloak currently unavailable)
rCorr   .            (gloves currently unavailable)
SInv    .            (boots currently unavailable)
Will    .....        (no amulet)
Stlth   ++           (no ring)
HPRegen 0.26/turn    (no ring)
MPRegen 0.09/turn

%: no passive effects
@: beast-form
A: beast (slay +4), fangs 1, strong nose, distributed training
a: Begin Untransformation


You were on level 3 of the Dungeon.
You were a hulking beast.
You visited 1 branch of the dungeon, and saw 3 of its levels.

You collected 82 gold pieces.

Inventory:

Missiles
 d - 18 stones
 g - 3 poisoned darts
 n - 4 curare-tipped darts
Armour
 a - a +0 animal skin (worn)
Talismans
 c - a beast talisman
Scrolls
 f - 2 scrolls of poison {unknown}
 h - 2 scrolls of blinking {unknown}
 k - 3 scrolls of teleportation {unknown}
 m - 2 scrolls of revelation {unknown}
Potions
 b - a potion of lignification
 e - 2 potions of heal wounds {unknown}
 i - a potion of invisibility {unknown}
 j - a potion of degeneration {unknown}
 l - a potion of attraction {unknown}


   Skills:
 + Level 4.7 Fighting
 + Level 1.2 Short Blades
 + Level 1.2 Long Blades
 + Level 1.2 Axes
 + Level 1.2 Maces & Flails
 + Level 1.2 Polearms
 + Level 1.2 Staves
 + Level 1.2 Ranged Weapons
 + Level 1.2 Throwing
 + Level 1.2 Armour
 + Level 4.7 Dodging
 + Level 1.2 Stealth
 + Level 1.2 Shields
 + Level 4.7 Unarmed Combat
 + Level 1.2 Spellcasting
 + Level 1.0 Conjurations
 + Level 1.0 Hexes
 + Level 1.0 Summonings
 + Level 1.0 Necromancy
 + Level 1.0 Translocations
 + Level 1.0 Transmutations
 + Level 1.0 Fire Magic
 + Level 1.0 Ice Magic
 + Level 1.0 Air Magic
 + Level 1.0 Earth Magic
 + Level 1.0 Poison Magic
 + Level 1.4 Invocations
 + Level 1.2 Evocations
 + Level 6.5 Shapeshifting


You had 5 spell levels left.
You didn't know any spells.
Your spell library contained the following spells:

 Spells                   Type           Power      Damage    Failure   Level
 Lesser Beckoning         Tloc           2%         N/A       38%         2
 Gell's Gravitas          Tloc           1%         N/A       63%         3
 Teleport Other           Tloc           1%         N/A       63%         3


Dungeon Overview and Level Annotations

Branches:
Dungeon (3/15)

Altars:
Gozag

Shops:
D:1 [


Innate Abilities, Weirdness & Mutations

You are a hulking beast.
Your limbs bulge with bestial killing power. (Slay +4)
You have very sharp teeth.
Your uncanny sense of smell can sniff out nearby items.
Your experience applies equally to all skills.


Message History

The gnoll hits you with a +0 spear!
You hit the gnoll but do no damage.
The gnoll is lightly wounded.
The gnoll hits you with a +0 spear.
You closely miss the gnoll. You bite the gnoll.
The gnoll is moderately wounded.
You barely miss the gnoll.
The gnoll is moderately wounded.
The gnoll hits you with a +0 spear.
You are too injured to fight recklessly!
You are too injured to fight recklessly!
You are too injured to fight recklessly!
You punch the gnoll!
The gnoll is almost dead.
The gnoll misses you.
You closely miss the gnoll.
The gnoll is almost dead.
The gnoll closely misses you.
You punch the gnoll!
You kill the gnoll!
Things that are here:
a +0 club; a gnoll corpse You now have 82 gold pieces (gained 12).
You hit the worm but do no damage. You completely miss the worm.
The worm closely misses you.
You punch the worm!
The worm is moderately wounded.
You hit the worm but do no damage.
The worm is moderately wounded.
The worm misses you.
You barely miss the worm.
The worm is moderately wounded.
You hit the worm.
The worm is moderately wounded.
The worm bites you!
* * * LOW HITPOINT WARNING * * *
You punch the worm!
The worm is almost dead.
The worm bites you!
You die...

#.....# (. #. #.....# . #.
#.....####### . #.
#............ #.#.#
#.......#### ###
#w#.#.#.......#####..
#...#............##.#####
..##...####......##.##.#....
#.....))wh...#.#.#.......#
#####..####.##.#.#.......#
..... #.##.#.#.......#
####.. ...#.#.........# ###
##....#######.#.# ∆
##.#.....<...#.#
.#.###.....#.#
...........#.###
###.##.........


You could see a worm.

Vanquished Creatures
  4 gnolls (D:3)
  An adder (D:2)
  A worm (D:2)
  3 bats
  4 endoplasms
  4 giant cockroaches
  3 goblins (D:1)
  6 hobgoblins
  A quokka (D:2)
  7 ball pythons
  A frilled lizard (D:2)
  7 kobolds
  8 rats
50 creatures vanquished.

Notes
Turn   | Place    | Note
-------+----------+-------------------------------------------
     0 | D:1      | night the Gnoll Shapeshifter began the quest for the Orb.
     0 | D:1      | Reached XP level 1. HP: 20/20 MP: 1/1
   187 | D:1      | Reached XP level 2. HP: 25/26 MP: 2/2
   689 | D:1      | Reached XP level 3. HP: 31/31 MP: 3/3
   699 | D:1      | Found Ficerr's Antique Armour Shoppe.
   892 | D:2      | Reached skill level 1 in Invocations
   982 | D:2      | Found an opulent altar of Gozag.
  1230 | D:2      | Reached skill level 1 in Short Blades
  1230 | D:2      | Reached skill level 1 in Long Blades
  1230 | D:2      | Reached skill level 1 in Axes
  1230 | D:2      | Reached skill level 1 in Maces & Flails
  1230 | D:2      | Reached skill level 1 in Polearms
  1230 | D:2      | Reached skill level 1 in Staves
  1230 | D:2      | Reached skill level 1 in Ranged Weapons
  1230 | D:2      | Reached skill level 1 in Throwing
  1230 | D:2      | Reached skill level 1 in Armour
  1230 | D:2      | Reached skill level 1 in Stealth
  1230 | D:2      | Reached skill level 1 in Shields
  1230 | D:2      | Reached skill level 1 in Spellcasting
  1230 | D:2      | Reached skill level 1 in Evocations
  1262 | D:2      | Reached XP level 4. HP: 29/38 MP: 5/5
  1615 | D:3      | Reached skill level 1 in Conjurations
  1615 | D:3      | Reached skill level 1 in Hexes
  1615 | D:3      | Reached skill level 1 in Summonings
  1615 | D:3      | Reached skill level 1 in Necromancy
  1615 | D:3      | Reached skill level 1 in Translocations
  1615 | D:3      | Reached skill level 1 in Transmutations
  1615 | D:3      | Reached skill level 1 in Fire Magic
  1615 | D:3      | Reached skill level 1 in Ice Magic
  1615 | D:3      | Reached skill level 1 in Air Magic
  1615 | D:3      | Reached skill level 1 in Earth Magic
  1615 | D:3      | Reached skill level 1 in Poison Magic
  1636 | D:3      | Slain by a worm

Illustrated notes

Levels and vault maps discovered:
D:1:      dpeg_arrival_windows_large_door, layout_basic, serial_shops, shop,
          chequers_arboretum, nicolae_concentric_dashed_squares_wild,
          st_stairs_2
D:2:      minmay_angry_zag, layout_basic, basic_altar
D:3:      layout_basic, grunt_temple_overflow_magic_moments

Skill      XL: |  1  2  3  4 |
---------------+-------------+-----
Invocations    | 1 |  1.4
Short Blades   | 1 |  1.2
Long Blades    | 1 |  1.2
Axes           | 1 |  1.2
Maces & Flails | 1 |  1.2
Polearms       | 1 |  1.2
Staves         | 1 |  1.2
Ranged Weapons | 1 |  1.2
Throwing       | 1 |  1.2
Armour         | 1 |  1.2
Stealth        | 1 |  1.2
Shields        | 1 |  1.2
Spellcasting   | 1 |  1.2
Evocations     | 1 |  1.2
Conjurations   | 1 |  1.0
Hexes          | 1 |  1.0
Summonings     | 1 |  1.0
Necromancy     | 1 |  1.0
Translocations | 1 |  1.0
Transmutations | 1 |  1.0
Fire Magic     | 1 |  1.0
Ice Magic      | 1 |  1.0
Air Magic      | 1 |  1.0
Earth Magic    | 1 |  1.0
Poison Magic   | 1 |  1.0
Fighting       | |  4.7
Dodging        | |  4.7
Unarmed Combat | |  4.7
Shapeshifting  | |  6.5

Action                     |  1- 3 |  4- 6 || total
---------------------------+-------+-------++-------
  Melee: Unarmed           |    85 |    30 ||   115
         Bite              |     7 |     4 ||    11
         Punch             |     2 |       ||     2
 Armour: Animal skin       |     5 |       ||     5
  Dodge: Dodged            |    56 |    12 ||    68

Table legend: (Time is in decaauts)
 A = Elapsed time spent in this place.
 B = Non-inter-level travel time spent in this place.
 C = Inter-level travel time spent in this place.
 D = Time resting spent in this place.
 E = Time spent auto-exploring this place.
 F = Levels seen in this place.
 G = Mean time per level.
                   A        B        C        D        E       F      G
               +--------+--------+--------+--------+--------+-----+--------+
         Total |   1625 |   1568 |     57 |      0 |   1306 |   3 |  541.7 |
       Dungeon |   1625 |   1568 |     57 |      0 |   1306 |   3 |  541.7 |
               +--------+--------+--------+--------+--------+-----+--------+

Top non-repeatable levels by time:
     D:1: 839 daAuts
     D:2: 726 daAuts
     D:3: 59 daAuts
